 Dungeon Crawl Stone Soup version v1.0-3-g0d6430d (webtiles) character file.

324 TheOrbIsALie the Digger (level 6, 0/45 HPs)
             Began as an Obsidian Dwarf Sorcerer on Sept 23, 2018.
             Was an Initiate of Makhleb.
             Succumbed to TheOrbIsALie's ghost's poison
             ... on level 3 of the Dungeon.
             The game lasted 00:06:33 (3037 turns).

TheOrbIsALie the Digger (Obsidian Dwarf Sorcerer)   Turns: 3037, Time: 00:06:34

Health: 0/45       AC:  0    Str:  8    XL:     6   Next: 23%
Magic:  0/0        EV: 14    Int: 23    God:    Makhleb [......]
Gold:   212        SH:  0    Dex:  9    Spells: 5/9 levels left

rFire    . . .     SeeInvis +   (no weapon)
rCold    . . .     Gourm    .   (no shield)
rNeg     . . .     Faith    .   c - -2 robe {Archmagi}
rPois    .         Spirit   .   (no helmet)
rElec    .         Reflect  .   (no cloak)
rCorr    +         Harm     +   (no gloves)
MR       .....                  (no boots)
Stlth    +.........             (no amulet)
HPRegen  0.15/turn              f - ring of see invisible
MPRegen  0.07/turn              q - ring of resist corrosion

@: lethally poisoned (0 -> -2), very slightly contaminated, invisible
A: no MP, cast from HP, harm, hooves 1, repulsion field 1, high mp 1, wild magic
1
a: Renounce Religion


You were on level 3 of the Dungeon.
You worshipped Makhleb.
Makhleb was noncommittal.
You were very hungry.

You visited 1 branch of the dungeon, and saw 4 of its levels.

You collected 212 gold pieces.

Inventory:

Missiles
 b - 25 stones (quivered)
Armour
 c - a -2 robe of the Archmagi (worn)
 j - a +0 buckler
Jewellery
 f - a ring of see invisible (left hand)
 q - a ring of resist corrosion (right hand)
Wands
 r - a wand of flame (24)
Scrolls
 a - 3 scrolls of identify {unknown}
 i - 5 scrolls of remove curse
 k - 3 scrolls of teleportation {unknown}
 l - 3 scrolls of fog {unknown}
 n - a scroll of fear {unknown}
 p - a scroll of noise {unknown}
 s - a scroll of blinking {unknown}
Potions
 e - 2 potions of agility
 g - a potion of mutation
Comestibles
 d - 6 rations


   Skills:
 - Level 2.0 Dodging
 - Level 1.7 Stealth
 - Level 2.1 Spellcasting
 + Level 4.7 Conjurations
 - Level 5.3 Earth Magic


You had 5 spell levels left.
You knew the following spells:

 Your Spells              Type           Power        Failure   Level  Hunger
a - Sandblast             Erth           ######       2%          1    None
b - Stone Arrow           Conj/Erth      ######       8%          3    ###....


Dungeon Overview and Level Annotations

Branches:
Dungeon (4/15)
 Temple: D:4-7

Altars:
Cheibriados
Dithmenos
Makhleb
Trog
Wu Jian
Zin

Annotations:
D:4 TheOrbIsALie's ghost, novice ODSo


Innate Abilities, Weirdness & Mutations

You have no magical power.
You expend HP in place of MP.
You both give and receive extra harm.
You have large cloven feet.
You are surrounded by a mild repulsion field. (EV +2)
You have an increased reservoir of magic. (+10% MP)
Your spells are a little harder to cast, but a little more powerful.


Message History

There is a stone staircase leading down here.
It was a potion of agility.
You feel agile all of a sudden.
It was a potion of mutation.
You feel extremely strange.
You feel more energetic.
You feel less in control of your magic.
You begin to radiate repulsive energy.
Your feet thicken and deform.
* * * LOW HITPOINT WARNING * * *
You feel sick.
It was a potion of cancellation.
Your magical effects are unravelling.
You feel magically purged.
You feel a little less agile now.
It was a potion of invisibility.
You fade into invisibility!
* * * LOW HITPOINT WARNING * * *
You feel sick.
You are very lightly contaminated with residual magic.
* * * LOW HITPOINT WARNING * * *
You feel sick.
You die...

#..........# #....#.............
#..........# #.###########.###..
#..........###.#....#.####.....#
#.................#.....########
#...........###.......#.#
#####...........#.#...#.#
#########........##.#
###..[#..##.# #@###..##.###
#......##...# ######.####.####
#.# #....# #.# ####.#
#.#######.# #.........#
###########


There were no monsters in sight!

Vanquished Creatures
  A scorpion (D:4)
  An orc priest (D:3)
  An orc wizard (D:4)
  3 worker ants
  4 gnolls (D:2)
  3 adders
  2 oozes
  3 worms
  A dart slug (D:1)
  3 leopard geckos
  7 orcs
  3 giant cockroaches
  9 goblins
  5 hobgoblins
  4 jackals
  2 quokkas
  A ball python (D:2)
  5 bats
  2 frilled lizards
  3 kobolds
  6 rats
69 creatures vanquished.

Notes
Turn   | Place    | Note
-------+----------+-------------------------------------------
     0 | D:1      | TheOrbIsALie the Obsidian Dwarf Sorcerer began the quest for the Orb.
     0 | D:1      | Reached XP level 1. HP: 14/14 MP: 0/0
   388 | D:1      | Reached XP level 2. HP: 19/20 MP: 0/5
  1030 | D:2      | Reached skill level 4 in Earth Magic
  1030 | D:2      | Reached XP level 3. HP: 23/26 MP: 0/6
  1050 | D:2      | Learned a level 3 spell: Stone Arrow
  1067 | D:2      | Reached skill level 5 in Earth Magic
  1067 | D:2      | Reached XP level 4. HP: 25/33 MP: 0/7
  1245 | D:2      | Found a bloodstained altar of Trog.
  1248 | D:2      | Found an ornate altar of the Wu Jian Council.
  1251 | D:2      | Found a snail-covered altar of Cheibriados.
  1284 | D:2      | Reached skill level 1 in Conjurations
  1754 | D:3      | Reached XP level 5. HP: 36/38 MP: 0/8
  1770 | D:3      | Found a burning altar of Makhleb.
  1772 | D:3      | Noticed a balrug
  1784 | D:3      | Noticed a hellwing
  1784 | D:3      | Noticed a neqoxec
  1786 | D:3      | Became a worshipper of Makhleb the Destroyer
  2206 | D:3      | Found a shadowy altar of Dithmenos.
  2846 | D:4      | Reached XP level 6. HP: 33/45 MP: 0/9
  2916 | D:4      | Found a glowing silver altar of Zin.
  3017 | D:4      | Noticed TheOrbIsALie's ghost (novice ODSo)
  3030 | D:3      | Gained mutation: You have an increased reservoir of magic. (+10% MP) [potion of mutation]
  3030 | D:3      | Gained mutation: Your spells are a little harder to cast, but a little more powerful. [potion of mutation]
  3030 | D:3      | Gained mutation: You are surrounded by a mild repulsion field. (EV +2) [potion of mutation]
  3030 | D:3      | Gained mutation: You have large cloven feet. [potion of mutation]
  3030 | D:3      | HP: 2/45 [poisoned by TheOrbIsALie's ghost]
  3037 | D:3      | Succumbed to TheOrbIsALie's ghost's poison

Skill      XL: |  1  2  3  4  5 |
---------------+----------------+-----
Earth Magic    | 4 5 |  5.3
Conjurations   | 1 4 |  4.7
Dodging        | |  2.0
Stealth        | |  1.7
Spellcasting   | |  2.1

Action                   |  1- 3 |  4- 6 || total
-------------------------+-------+-------++-------
Melee: Unarmed           |       |     3 ||     3
 Cast: Sandblast         |    19 |    68 ||    87
  Use: Scroll            |       |     1 ||     1
       Potion            |       |     4 ||     4
  Eat: Chunk             |       |     5 ||     5
Dodge: Dodged            |       |    18 ||    18
